[Event "Titled Tuesday Blitz April 18 Late 2023"]
[White "Indjic, Aleksandar"]
[Black "Omranalhosani21"]
[WhiteFideId "911925"]
[WhiteElo "2614"]
[BlackElo "2590"]
[Result "1-0"]
[Round "08"]
[TimeControl "180+2"]
[Date "2023.04.18"]
[WhiteClock "0:00:39"]
[BlackClock "0:00:02"]

1. a3 Nf6 2. c4 g6 3. Nf3 Bg7 4. g3 O-O 5. Bg2 d6 6. O-O Nc6 7. d3 e5 8. Nc3 Nd4 9. Nd2 Ne6 10. Nd5 c6 11. Nxf6+ Bxf6 12. b4 Bg7 13. Bb2 f5 14. b5 Bd7 15. a4 a5 16. Rb1 Rf7 17. Ba1 h5 18. e3 h4 19. f4 hxg3 20. hxg3 exf4 21. gxf4 Bxa1 22. Rxa1 Qf6 23. Nf3 Re8 24. Qd2 g5 25. fxg5 Nxg5 26. Nxg5 Qxg5 27. Rf3 Rfe7 28. Re1 f4 29. e4 Rf8 30. Ref1 Ref7 31. d4 Bg4 32. Rb3 Qg7 33. Kf2 c5 34. Bf3 Bxf3 35. Rxf3 Qxd4+ 36. Qxd4 cxd4 37. Rd1 Rc8 38. Rxd4 Rfc7 39. Rc3 Kf7 40. Kf3 Ke6 41. Kxf4 Rf8+ 42. Ke3 Rcf7 43. Rdd3 Rf3+ 44. Kd4 Rf1 45. Rh3 Rd1+ 46. Rcd3 Rxd3+ 47. Kxd3 b6 48. Kd4 Rf1 49. Rh7 Rd1+ 50. Kc3 Ra1 51. Rb7 Rxa4 52. Rxb6 Ra1 53. Ra6 Ke5 54. Kb2 Ra4 55. Kb3 Rb4+ 56. Kc3 Kxe4 57. Rxd6 Rb1 58. Re6+ Kf5 59. Ra6 Ke5 60. Rxa5 1-0


[Site "https://www.chess.com"]

[Event "Titled Tuesday Blitz April 18 Late 2023"]
[White "Sarana, Alexey"]
[Black "Rosen, Eric"]
[WhiteFideId "24133795"]
[BlackFideId "2032562"]
[WhiteElo "2714"]
[BlackElo "2331"]
[Result "1-0"]
[Round "08"]
[TimeControl "180+2"]
[Date "2023.04.18"]
[WhiteClock "0:00:52"]
[BlackClock "0:00:01"]

1. c4 e6 2. Nf3 d5 3. g3 Nf6 4. d4 dxc4 5. Bg2 Bb4+ 6. Bd2 c5 7. dxc5 Bxc5 8. Qa4+ Nbd7 9. O-O O-O 10. Qxc4 b5 11. Qb3 Qb6 12. Nc3 a6 13. a4 b4 14. a5 Qa7 15. Na4 Be7 16. Be3 Qb8 17. Nd4 Bb7 18. Nc6 Bxc6 19. Bxc6 Ne5 20. Bxa8 Qxa8 21. f3 h5 22. Nb6 Qb7 23. Rac1 h4 24. Qc2 Nd5 25. Bf2 h3 26. Qe4 Bf6 27. Rfd1 Rd8 28. Bd4 Qb8 29. Kf1 b3 30. Bxe5 Bxe5 31. Nxd5 exd5 32. Rxd5 Re8 33. Qd3 Bxg3 34. Rh5 Bxh2 35. Qh7+ Kf8 36. Rxh3 Bf4 37. Rc4 Bh6 38. Rxh6 gxh6 39. Qxh6+ Ke7 40. Re4+ Kd7 41. Rd4+ Ke7 42. Qxa6 Rh8 43. Re4+ Kf8 44. Qb6 1-0


[Site "https://www.chess.com"]

[Event "Titled Tuesday Blitz April 18 Late 2023"]
[White "UnknownxArmy"]
[Black "Demchenko, Anton"]
[BlackFideId "4160258"]
[WhiteElo "2689"]
[BlackElo "2545"]
[Result "1-0"]
[Round "08"]
[TimeControl "180+2"]
[Date "2023.04.18"]
[WhiteClock "0:00:53"]
[BlackClock "0:00:04"]

1. c4 e5 2. Nc3 Nc6 3. Nf3 f5 4. d4 e4 5. d5 exf3 6. dxc6 fxg2 7. cxd7+ Qxd7 8. Qxd7+ Bxd7 9. Bxg2 c6 10. Bg5 Be7 11. Bxe7 Kxe7 12. O-O-O Nf6 13. Rhe1 Ng4 14. e4 f4 15. Bh3 Ne5 16. Bxd7 Nxd7 17. e5 Rad8 18. Re4 g5 19. b4 h6 20. h4 Nf8 21. Rxd8 Kxd8 22. hxg5 hxg5 23. e6 Ke7 24. Re5 Rg8 25. Ne4 g4 26. Rf5 g3 27. fxg3 fxg3 28. Nxg3 Rxg3 29. Rf7+ Ke8 30. Rxb7 Rc3+ 31. Kb2 Rxc4 32. Kb3 Re4 33. Rxa7 Nxe6 34. a4 Kd8 35. b5 c5 36. b6 Rb4+ 37. Kc3 Rxb6 38. Kc4 Rd6 39. a5 Kc8 40. Re7 Rd4+ 41. Kb5 Re4 42. Kb6 Rb4+ 43. Kc6 Nd8+ 44. Kxc5 Rb1 45. a6 Ra1 46. a7 Ra2 47. Kb6 Rb2+ 48. Ka6 Ra2+ 49. Kb6 Ra1 50. Rc7# 1-0


[Site "https://www.chess.com"]

[Event "Titled Tuesday Blitz April 18 Late 2023"]
[White "Matinian, Nikita"]
[Black "Drygalov, Andrey"]
[WhiteFideId "24129100"]
[BlackFideId "24171735"]
[WhiteElo "2422"]
[BlackElo "2466"]
[Result "0-1"]
[Round "08"]
[TimeControl "180+2"]
[Date "2023.04.18"]
[WhiteClock "0:00:02"]
[BlackClock "0:00:39"]

1. e4 c5 2. Nf3 d6 3. d4 cxd4 4. Nxd4 Nf6 5. Nc3 a6 6. Bg5 e6 7. Qf3 Nbd7 8. O-O-O h6 9. Be3 Qc7 10. Kb1 b5 11. a3 Bb7 12. Bd3 Be7 13. Qg3 Rg8 14. f4 Rc8 15. Rhf1 Nc5 16. e5 Nxd3 17. Rxd3 Ne4 18. Nxe4 Bxe4 19. Rc3 Qb7 20. Rxc8+ Qxc8 21. f5 exf5 22. exd6 Bf6 23. Ka1 g6 24. c3 Qc4 25. Qe1 Kd7 26. Bxh6 Re8 27. Qc1 Bd5 28. b3 Qc5 29. Kb2 Bxg2 30. Rd1 Be4 31. Be3 Qc8 32. b4 Qc4 33. Nb3 Bd5 34. Nc5+ Kxd6 35. Nb7+ Kc7 36. Rxd5 Qxd5 37. Nc5 Kc6 0-1


[Site "https://www.chess.com"]

[Event "Titled Tuesday Blitz April 18 Late 2023"]
[White "Karacsonyi, Gellert"]
[Black "Tregubov, Pavel V."]
[WhiteFideId "764620"]
[BlackFideId "4115341"]
[WhiteElo "2308"]
[BlackElo "2425"]
[Result "1/2-1/2"]
[Round "08"]
[TimeControl "180+2"]
[Date "2023.04.18"]
[WhiteClock "0:00:21"]
[BlackClock "0:00:33"]

1. e4 c5 2. Nf3 e6 3. d4 cxd4 4. Nxd4 Nf6 5. Nc3 Nc6 6. Ndb5 Bb4 7. a3 Bxc3+ 8. Nxc3 d5 9. exd5 exd5 10. Bd3 O-O 11. O-O d4 12. Ne2 Bg4 13. Bg5 Re8 14. f3 Bh5 15. Nf4 Bg6 16. Nxg6 hxg6 17. Qd2 Qd6 18. Rae1 Nd5 19. Rxe8+ Rxe8 20. Re1 Ne3 21. Bxe3 dxe3 22. Rxe3 Qd4 23. Kf2 Re5 24. Ke2 Qxb2 25. Rxe5 Qxe5+ 26. Qe3 Qf6 27. Kf2 Ne5 28. Qxa7 Qh4+ 29. Kf1 Qxh2 30. Qa8+ Kh7 31. Qxb7 Qh1+ 32. Kf2 Qh4+ 33. Kf1 Qh1+ 34. Kf2 Qh4+ 35. Ke2 Qg3 36. f4 Qxf4 37. Qe4 Qg3 38. a4 Ng4 39. Kd2 Qf2+ 40. Kc3 Qc5+ 41. Kb3 Ne5 42. Qb4 Qd5+ 43. Kc3 Qc6+ 44. Kb3 Qd5+ 45. Kc3 Qc6+ 46. Kb3 Qd5+ 1/2-1/2


[Site "https://www.chess.com"]

[Event "Titled Tuesday Blitz April 18 Late 2023"]
[White "Domingo Nunez, Ruben"]
[Black "Rodshtein, Maxim"]
[WhiteFideId "22245570"]
[BlackFideId "2806851"]
[WhiteElo "2404"]
[BlackElo "2555"]
[Result "0-1"]
[Round "08"]
[TimeControl "180+2"]
[Date "2023.04.18"]
[WhiteClock "0:00:01"]
[BlackClock "0:00:14"]

1. c4 g6 2. g3 Bg7 3. Bg2 c5 4. Nc3 Nc6 5. Nf3 d6 6. O-O e6 7. e3 Nge7 8. d4 O-O 9. Re1 b6 10. b3 Bb7 11. Bb2 Qd7 12. dxc5 bxc5 13. Qd2 Rfd8 14. Ne4 e5 15. Rad1 Qc7 16. Nc3 a6 17. Ng5 h6 18. Nge4 Na7 19. Qc2 f5 20. Nd2 Bxg2 21. Kxg2 Nac6 22. Ndb1 Nb4 23. Qe2 e4 24. f3 exf3+ 25. Qxf3 Nxa2 26. Nd5 Nxd5 27. Bxg7 Kxg7 28. Rxd5 Nb4 29. Rd2 Re8 30. e4 Qc6 31. Nc3 Re6 32. Nd5 Rae8 33. Qc3+ Re5 34. exf5 gxf5 35. Rf2 Kg6 36. Rxe5 Rxe5 37. g4 Nxd5 38. gxf5+ Kf7 39. cxd5 Qxd5+ 40. Kh3 Qe4 41. Qd2 Rxf5 0-1


[Site "https://www.chess.com"]

[Event "Titled Tuesday Blitz April 18 Late 2023"]
[White "Quesada Perez, Yasser"]
[Black "Leiva, Gianmarco"]
[WhiteFideId "3509362"]
[BlackFideId "3804399"]
[WhiteElo "2496"]
[BlackElo "2345"]
[Result "1-0"]
[Round "08"]
[TimeControl "180+2"]
[Date "2023.04.18"]
[WhiteClock "0:01:43"]
[BlackClock "0:00:50"]

1. e4 c5 2. Nc3 Nc6 3. Bb5 Nd4 4. Bc4 Nf6 5. Nge2 e6 6. O-O d5 7. exd5 exd5 8. Nxd5 Nxd5 9. Nxd4 cxd4 10. Qh5 Be6 11. Re1 g6 12. Qxd5 Qxd5 13. Bxd5 Rc8 14. c3 Bg7 15. Bxb7 Rc7 16. Bd5 Kd7 17. Bxe6+ fxe6 18. Re4 Kd6 19. Rb1 Rb8 20. b3 Kd5 21. f3 dxc3 22. dxc3 Rxc3 23. Bb2 Bd4+ 24. Rxd4+ Kxd4 25. Rd1+ 1-0


[Site "https://www.chess.com"]

[Event "Titled Tuesday Blitz April 18 Late 2023"]
[White "Smirnov, Pavel"]
[Black "Lewicki, Miroslaw"]
[WhiteFideId "4123425"]
[BlackFideId "1113380"]
[WhiteElo "2519"]
[BlackElo "2212"]
[Result "1-0"]
[Round "08"]
[TimeControl "180+2"]
[Date "2023.04.18"]
[WhiteClock "0:00:05"]
[BlackClock "0:00:04"]

1. d4 Nf6 2. c4 e6 3. g3 d5 4. Nf3 Be7 5. Bg2 O-O 6. Nc3 Nbd7 7. Ne5 dxc4 8. Nxc4 Nb6 9. Ne5 Nbd5 10. O-O c6 11. e4 Nxc3 12. bxc3 Nd7 13. Nf3 Nb6 14. Qe2 c5 15. Rd1 Qe8 16. Be3 cxd4 17. cxd4 Bd7 18. Rab1 Rc8 19. Ne5 Ba4 20. Rdc1 Ba3 21. Rxc8 Qxc8 22. d5 exd5 23. exd5 Re8 24. Qh5 g6 25. Qg5 Qc2 26. Rf1 Bb2 27. Ng4 Nd7 28. Qf4 f5 29. Nh6+ Kg7 30. g4 Be5 31. Qg5 Bf6 32. Nxf5+ Kh8 33. Nd4 Qb2 34. Qf4 Be5 35. Qe4 Bxh2+ 36. Kxh2 Rxe4 37. Bxe4 Nf6 38. Bf3 Qxa2 39. Bf4 Nxd5 40. Be5+ Kg8 41. Kg3 Bc6 42. Re1 Qd2 43. Re2 Qd1 44. Kh2 Nf4 45. Re3 Bxf3 46. Nxf3 Nd5 47. Ra3 Qe2 48. Kg3 a6 49. Ra5 Qe4 50. Rc5 h5 51. Rc8+ Kf7 52. Ng5+ Ke7 53. Nxe4 1-0


[Site "https://www.chess.com"]

[Event "Titled Tuesday Blitz April 18 Late 2023"]
[White "Peng, Li Min"]
[Black "Janaszak, Dawid"]
[WhiteFideId "14112620"]
[BlackFideId "1119206"]
[WhiteElo "2436"]
[BlackElo "2220"]
[Result "0-1"]
[Round "08"]
[TimeControl "180+2"]
[Date "2023.04.18"]
[WhiteClock "0:00:22"]
[BlackClock "0:00:27"]

1. e4 c5 2. Nc3 Nc6 3. f4 g6 4. Nf3 Bg7 5. Bc4 e6 6. d3 Nge7 7. O-O d5 8. Bb3 b5 9. Nxb5 O-O 10. e5 Nf5 11. g4 Nfd4 12. Nfxd4 cxd4 13. Nd6 f6 14. Nxc8 Rxc8 15. exf6 Qxf6 16. Bd2 Rf7 17. Qe2 Kh8 18. Rae1 Re7 19. Qg2 a5 20. a3 Qf8 21. Re2 Qd8 22. Rfe1 Qd6 23. g5 Rf8 24. h4 Rf5 25. Rf1 h5 26. Kh1 Kh7 27. Qg3 Qb8 28. Rfe1 e5 29. Bxd5 exf4 30. Qg2 Ne5 31. Rf1 f3 32. Bxf3 Ref7 33. Ref2 Qf8 34. c3 Nxf3 35. c4 Nxh4 36. Rxf5 Rxf5 37. Rxf5 Qxf5 38. Qe2 Qh3+ 39. Kg1 Nf3+ 40. Kf2 Ne5 41. Qe4 Ng4+ 42. Ke2 Qh2+ 43. Kd1 Ne3+ 44. Bxe3 dxe3 45. Qxe3 Qxb2 46. c5 Qd4 47. Qe7 Qxd3+ 48. Ke1 Qc3+ 49. Ke2 Qc2+ 50. Ke3 Qd1 51. Qd6 Qe1+ 52. Kf4 Qc1+ 53. Ke4 Qxg5 54. c6 Qf5+ 55. Ke3 Qe5+ 56. Qxe5 Bxe5 57. a4 Bc7 58. Ke4 h4 59. Kf3 Kh6 60. Kg2 g5 61. Kh3 Kh5 62. Kg2 g4 63. Kh1 Kg5 64. Kg1 Kf5 65. Kh1 Ke5 66. Kg2 Kd5 67. Kf2 Kxc6 68. Ke2 Kc5 69. Kf2 Kb4 70. Kf1 Kxa4 71. Kg1 Kb4 72. Kg2 a4 73. Kh1 a3 74. Kg2 a2 75. Kh1 a1=Q+ 76. Kg2 Qa2+ 77. Kg1 g3 78. Kf1 Qf2# 0-1


[Site "https://www.chess.com"]

[Event "Titled Tuesday Blitz April 18 Late 2023"]
[White "Vovk, Orest"]
[Black "Szpar, Milosz"]
[WhiteFideId "14113490"]
[BlackFideId "1184989"]
[WhiteElo "2215"]
[BlackElo "2436"]
[Result "0-1"]
[Round "08"]
[TimeControl "180+2"]
[Date "2023.04.18"]
[WhiteClock "0:00:03"]
[BlackClock "0:00:45"]

1. c4 e5 2. Nc3 Nf6 3. Nf3 Nc6 4. d3 Bb4 5. g4 e4 6. dxe4 Nxe4 7. Qd3 Bxc3+ 8. bxc3 Qe7 9. Nd4 Nc5 10. Qe3 d6 11. Nxc6 bxc6 12. Bg2 Bd7 13. Qxe7+ Kxe7 14. Be3 Na4 15. Kd2 Rab8 16. Rhb1 Nb2 17. c5 d5 18. h3 Nc4+ 19. Kd3 h5 20. f3 hxg4 21. fxg4 f5 22. Rxb8 Rxb8 23. Bg5+ Kf7 24. Rf1 g6 25. e4 Rb2 26. exd5 Rxg2 27. Kxc4 cxd5+ 28. Kxd5 Rg3 29. Kd4 Rxh3 30. gxf5 Bxf5 31. c6 Ke6 32. Bf4 Rd3+ 33. Kc4 Rd8 34. Re1+ Kf7 35. Kc5 Rc8 36. Rd1 Be6 37. Rd7+ Bxd7 38. cxd7 Rd8 39. Kc6 Ke6 40. Bxc7 Rxd7 41. c4 Rd2 42. a4 Rc2 43. c5 g5 44. a5 Rb2 45. a6 g4 46. Bd6 Rb3 47. Bc7 g3 48. Bxg3 Rxg3 49. Kb7 Rg7+ 50. Kb8 Kd5 0-1


[Site "https://www.chess.com"]

[Event "Titled Tuesday Blitz April 18 Late 2023"]
[White "Klenburg, Michael"]
[Black "Flores, Diego"]
[WhiteFideId "14102072"]
[BlackFideId "108049"]
[WhiteElo "2396"]
[BlackElo "2613"]
[Result "0-1"]
[Round "08"]
[TimeControl "180+2"]
[Date "2023.04.18"]
[WhiteClock "0:00:31"]
[BlackClock "0:00:34"]

1. g3 d5 2. Bg2 c6 3. d3 e5 4. Nf3 Bd6 5. O-O Ne7 6. e4 O-O 7. Nbd2 Bc7 8. Re1 d4 9. Rf1 c5 10. Nc4 Nbc6 11. a4 b6 12. Nfd2 a6 13. Bf3 Rb8 14. Bg4 b5 15. Na3 Kh8 16. Bxc8 Qxc8 17. Nf3 f6 18. Nh4 g5 19. Ng2 Qh3 20. f3 Ng6 21. Rf2 Rg8 22. Kh1 Rg7 23. Bd2 Qe6 24. Qf1 Qd7 25. f4 gxf4 26. gxf4 exf4 27. Nxf4 Nxf4 28. Bxf4 Ne5 29. Bh6 Rg6 30. Rxf6 Ng4 31. Rf8+ Rxf8 32. Qxf8+ Rg8 33. Qxc5 Nf2# 0-1


[Site "https://www.chess.com"]

[Event "Titled Tuesday Blitz April 18 Late 2023"]
[White "Fiorito, Francisco"]
[Black "Rozman, Levy"]
[WhiteFideId "180165"]
[BlackFideId "2039877"]
[WhiteElo "2341"]
[BlackElo "2376"]
[Result "0-1"]
[Round "08"]
[TimeControl "180+2"]
[Date "2023.04.18"]
[WhiteClock "0:01:00"]
[BlackClock "0:00:15"]

1. d4 d5 2. Nc3 e6 3. Bf4 Nf6 4. Nb5 Bb4+ 5. c3 Ba5 6. a4 a6 7. b4 Nc6 8. bxa5 axb5 9. axb5 Nxa5 10. e3 Ne4 11. Qc2 O-O 12. Bd3 Bd7 13. Ne2 f5 14. O-O b6 15. f3 Nd6 16. Rfb1 Nac4 17. Bxc4 Nxc4 18. Rxa8 Qxa8 19. Qd1 Qa5 20. Bxc7 Nxe3 21. Qd3 Nc4 22. Nf4 Rc8 23. Be5 Nxe5 24. dxe5 Rxc3 25. Qd4 Rc4 26. Qe3 Qa2 27. Rd1 Qa4 28. Rd2 Rxf4 29. Qxb6 Qxb5 30. Qd8+ Be8 31. Rb2 Qd7 32. Qa8 Ra4 33. Qb8 Qa7+ 34. Qxa7 Rxa7 35. Kf2 Kf8 36. Ke3 Ra4 37. Rb7 h6 38. h3 h5 39. Rc7 h4 40. Kf2 g5 41. Ke3 Ra3+ 42. Kd4 Ra2 43. Rh7 Rxg2 44. Kc5 Rc2+ 45. Kd6 Rc6# 0-1


[Site "https://www.chess.com"]

[Event "Titled Tuesday Blitz April 18 Late 2023"]
[White "Thomforde-Toates, Noah"]
[Black "liwadas82"]
[WhiteFideId "30951992"]
[WhiteElo "2751"]
[BlackElo "2549"]
[Result "1-0"]
[Round "08"]
[TimeControl "180+2"]
[Date "2023.04.18"]
[WhiteClock "0:01:03"]
[BlackClock "0:00:07"]

1. e4 e5 2. Nf3 Nc6 3. Bb5 a6 4. Bxc6 dxc6 5. O-O f6 6. d4 exd4 7. Nxd4 c5 8. Nb3 Qxd1 9. Rxd1 Bd7 10. Bf4 O-O-O 11. Nc3 Bc6 12. Rxd8+ Kxd8 13. Rd1+ Kc8 14. Na5 Ne7 15. Nxc6 Nxc6 16. Nd5 Ne5 17. Bxe5 fxe5 18. Ne3 Be7 19. c3 Rd8 20. Rxd8+ Kxd8 21. g3 b5 22. Kg2 c4 23. h4 Kd7 24. Kf3 a5 25. Ng4 Ke6 26. Ne3 c6 27. Nf5 Bf8 28. h5 a4 29. a3 g6 30. hxg6 hxg6 31. Ne3 Bh6 32. Ke2 Kf6 33. Ng4+ Kg7 34. Nxh6 Kxh6 35. f4 exf4 36. gxf4 Kg7 37. Kf3 Kf6 38. Kg4 c5 39. e5+ Ke6 40. Kg5 Kf7 41. f5 gxf5 42. Kxf5 Ke7 43. e6 b4 44. Ke5 bxa3 45. bxa3 Ke8 46. Kd6 Kd8 47. Kxc5 Ke7 48. Kd5 Ke8 49. Kxc4 Ke7 50. Kd5 1-0


[Site "https://www.chess.com"]

[Event "Titled Tuesday Blitz April 18 Late 2023"]
[White "Lenaerts, Lennert"]
[Black "Bazeev, German"]
[WhiteFideId "211435"]
[BlackFideId "24119350"]
[WhiteElo "2334"]
[BlackElo "2466"]
[Result "1-0"]
[Round "08"]
[TimeControl "180+2"]
[Date "2023.04.18"]
[WhiteClock "0:00:13"]
[BlackClock "0:00:03"]

1. d4 Nf6 2. c4 e6 3. Nc3 Bb4 4. g3 O-O 5. Bg2 d5 6. Nf3 dxc4 7. O-O c5 8. dxc5 Bxc3 9. bxc3 Nc6 10. Qa4 e5 11. Qxc4 h6 12. Ba3 Qa5 13. Bb4 Qa4 14. Qb3 Qa6 15. Rfe1 Be6 16. Qb2 Bd5 17. Bf1 e4 18. e3 Bc4 19. Bxc4 Qxc4 20. Nd2 Qd5 21. c4 Qh5 22. Bc3 Ng4 23. Nf1 Nge5 24. Red1 Rab8 25. Rd5 Nf3+ 26. Kg2 Qg6 27. Nd2 Ng5 28. Qc2 f5 29. Rb1 Rf7 30. h4 Ne6 31. Rd6 Re8 32. Qd1 h5 33. Kh2 Rc7 34. Nb3 Qf7 35. Nd4 Nxc5 36. Nxc6 bxc6 37. Ba5 Rcc8 38. Qd4 Nd3 39. Rd7 Re7 40. Rbb7 Rxd7 41. Rxd7 Qg6 42. Bc3 Kf8 43. Rxg7 Qe6 44. Rh7 Nxf2 45. Qh8+ Qg8 46. Qf6+ 1-0


[Site "https://www.chess.com"]

[Event "Titled Tuesday Blitz April 18 Late 2023"]
[White "D`Arruda, Ricardo D."]
[Black "Djokic, Mihailo"]
[WhiteFideId "100692"]
[BlackFideId "976440"]
[WhiteElo "2487"]
[BlackElo "2294"]
[Result "0-1"]
[Round "08"]
[TimeControl "180+2"]
[Date "2023.04.18"]
[WhiteClock "0:00:38"]
[BlackClock "0:01:14"]

1. d4 Nf6 2. Nf3 g6 3. g3 Bg7 4. Bg2 O-O 5. O-O d6 6. Nc3 Re8 7. e4 c6 8. Bg5 Qc7 9. Qd2 b5 10. a3 Nbd7 11. e5 dxe5 12. dxe5 Ng4 13. e6 fxe6 14. Nd4 Nde5 15. Ndxb5 cxb5 16. Bxa8 Bb7 17. Bxb7 Qxb7 18. f3 Nxf3+ 19. Rxf3 Qxf3 20. Nxb5 h6 21. Rf1 Qc6 22. c4 Qc5+ 23. Kh1 hxg5 24. Qd7 Qc8 25. Qxc8 Rxc8 26. b3 a6 0-1


[Site "https://www.chess.com"]

[Event "Titled Tuesday Blitz April 18 Late 2023"]
[White "Mickiewicz, Piotr"]
[Black "Prohaszka, Peter"]
[WhiteFideId "1114891"]
[BlackFideId "726265"]
[WhiteElo "2246"]
[BlackElo "2626"]
[Result "0-1"]
[Round "08"]
[TimeControl "180+2"]
[Date "2023.04.18"]
[WhiteClock "0:00:15"]
[BlackClock "0:00:24"]

1. Nf3 d5 2. e3 Bg4 3. c4 Bxf3 4. Qxf3 e6 5. Nc3 c6 6. d4 f5 7. Qd1 Nf6 8. Bd3 Bd6 9. h3 Nbd7 10. f4 Ne4 11. Nxe4 fxe4 12. Be2 Qh4+ 13. Kd2 c5 14. Kc2 Rc8 15. Kb1 Nb6 16. Bg4 Qf6 17. cxd5 Nxd5 18. dxc5 Bxc5 19. Qa4+ Rc6 20. Qxe4 O-O 21. Bd2 Rb6 22. Qe5 Qxe5 23. fxe5 Rf2 24. Kc1 Bxe3 25. Rd1 Rc6+ 0-1


[Site "https://www.chess.com"]

[Event "Titled Tuesday Blitz April 18 Late 2023"]
[White "Sargsyan, Shant"]
[Black "Sprenar, Petr"]
[WhiteFideId "13306766"]
[BlackFideId "397164"]
[WhiteElo "2628"]
[BlackElo "2182"]
[Result "1-0"]
[Round "08"]
[TimeControl "180+2"]
[Date "2023.04.18"]
[WhiteClock "0:01:29"]
[BlackClock "0:00:10"]

1. b4 e5 2. Bb2 Bxb4 3. Bxe5 Nf6 4. c3 Be7 5. Nf3 O-O 6. e3 d5 7. d4 c5 8. Nbd2 Nc6 9. Bg3 Bf5 10. Be2 Rc8 11. O-O Ne4 12. Nxe4 Bxe4 13. Nd2 Bg6 14. a4 Na5 15. Nb3 cxd4 16. Nxa5 d3 17. Bxd3 Qxa5 18. Bxg6 hxg6 19. Rb1 b6 20. Be5 Bf6 21. Rb5 Qa6 22. Bd4 Bxd4 23. cxd4 Rfd8 24. Qb3 Rc4 25. Ra1 Qb7 26. g3 Qc6 27. a5 Rc3 28. Qb1 Rb8 29. axb6 Rxb6 30. Rxb6 axb6 31. Kg2 Rc2 32. Qb3 b5 33. Ra5 Rd2 34. Qxb5 Qf6 35. Qb8+ Kh7 36. Qf4 Qe6 37. Qh4+ 1-0


[Site "https://www.chess.com"]

[Event "Titled Tuesday Blitz April 18 Late 2023"]
[White "MKlose11"]
[Black "Grigoriants, Sergey"]
[BlackFideId "4130804"]
[WhiteElo "2580"]
[BlackElo "2502"]
[Result "1-0"]
[Round "08"]
[TimeControl "180+2"]
[Date "2023.04.18"]
[WhiteClock "0:00:05"]
[BlackClock "0:00:02"]

1. e4 c6 2. Nc3 d5 3. g3 d4 4. Nce2 e5 5. d3 c5 6. Bg2 Nc6 7. f4 h5 8. h3 Bd6 9. Nf3 Nge7 10. O-O f6 11. c3 Be6 12. cxd4 cxd4 13. fxe5 fxe5 14. Ng5 Bg8 15. h4 Qb6 16. Bh3 Nd8 17. a3 Bb3 18. Qe1 a5 19. Bd2 Bc2 20. Ne6 Nxe6 21. Bxe6 Bxd3 22. Kh2 Bc7 23. Bf7+ Kd7 24. Bg5 Bd6 25. Qd2 Ba6 26. Rf2 Rad8 27. Ng1 Kc8 28. Nf3 Kb8 29. Bxe7 Bxe7 30. Nxe5 d3 31. Bd5 Rhf8 32. Raf1 Rxf2+ 33. Rxf2 Bc5 34. Rf3 Bd4 35. Nxd3 Rc8 36. b4 1-0


[Site "https://www.chess.com"]

[Event "Titled Tuesday Blitz April 18 Late 2023"]
[White "Perske, Thore"]
[Black "Kushko, Dmitriy"]
[WhiteFideId "12902195"]
[BlackFideId "14162261"]
[WhiteElo "2336"]
[BlackElo "2230"]
[Result "0-1"]
[Round "08"]
[TimeControl "180+2"]
[Date "2023.04.18"]
[WhiteClock "0:00:02"]
[BlackClock "0:00:09"]

1. e4 g6 2. Nf3 Bg7 3. g3 c5 4. Bg2 Nc6 5. O-O d6 6. d3 e5 7. Nc3 Nge7 8. a4 h6 9. Nd2 Be6 10. Nc4 d5 11. exd5 Nxd5 12. Ne4 b6 13. Ned6+ Kf8 14. c3 Kg8 15. a5 Rb8 16. axb6 axb6 17. Qa4 Qd7 18. h4 Kh7 19. h5 b5 20. Nxb5 Ra8 21. Qxa8 Rxa8 22. Rxa8 Qb7 23. hxg6+ fxg6 24. Re8 Bd7 25. Nbd6 Qa6 26. Bxd5 Bxe8 27. Nxe8 Ne7 28. Be4 Qe6 29. Nxg7 Kxg7 30. Be3 h5 31. Bxc5 Nf5 32. Kg2 h4 33. Ne3 Qc8 34. b4 hxg3 35. fxg3 Nh6 36. Rf3 Nf7 37. Nd5 Ng5 38. Rf2 Qg4 39. Nf6 Qh3+ 40. Kg1 Qxg3+ 41. Rg2 Qe1+ 42. Kh2 Kxf6 43. Bf2 Qd1 44. Bh4 Qh5 45. Kg3 Kg7 46. Rh2 Nxe4+ 47. dxe4 Qd1 48. Bg5 Qd3+ 49. Kh4 Qxe4+ 50. Kg3 Qd3+ 51. Kh4 Qxc3 52. Rf2 Qd4+ 53. Kg3 Qd3+ 54. Rf3 Qb5 55. Bf6+ Kh6 56. Be7 Qd7 57. Bc5 e4 58. Rf4 Qd5 59. Kf2 g5 60. Rf6+ Kh5 61. Ke3 Qd3+ 62. Kf2 Kg4 63. Re6 Qd2+ 64. Kf1 Kg3 65. Rxe4 Qg2+ 66. Ke1 Qxe4+ 67. Kd2 Qc6 0-1


[Site "https://www.chess.com"]

[Event "Titled Tuesday Blitz April 18 Late 2023"]
[White "Zarnicki, Pablo"]
[Black "Goltsev, Dmitry"]
[WhiteFideId "100137"]
[BlackFideId "24176710"]
[WhiteElo "2468"]
[BlackElo "2336"]
[Result "0-1"]
[Round "08"]
[TimeControl "180+2"]
[Date "2023.04.18"]
[WhiteClock "0:00:57"]
[BlackClock "0:01:10"]

1. e4 e6 2. d3 d5 3. Qe2 Nf6 4. Nf3 dxe4 5. dxe4 Nc6 6. c3 Bc5 7. Bg5 h6 8. Bxf6 Qxf6 9. Nbd2 e5 10. Qb5 Bb6 11. Be2 Bd7 12. Qb3 Qg6 13. O-O Bh3 14. Nh4 Qf6 15. Ndf3 Be6 16. Qc2 Ne7 17. Bd3 g6 18. g3 Bh3 19. Rfd1 O-O-O 20. Ne1 Rd6 21. Bf1 Bg4 22. Rxd6 Qxd6 23. h3 Bd7 24. Rd1 Qf6 25. Nhf3 g5 26. Nh2 h5 27. b4 Ng6 28. a4 a6 29. a5 Ba7 30. Qd3 Qxf2+ 31. Kh1 Qg1# 0-1


[Site "https://www.chess.com"]

[Event "Titled Tuesday Blitz April 18 Late 2023"]
[White "Holt, Conrad"]
[Black "Al-Tarboush, Ward"]
[WhiteFideId "2034387"]
[BlackFideId "7601450"]
[WhiteElo "2592"]
[BlackElo "2265"]
[Result "1-0"]
[Round "08"]
[TimeControl "180+2"]
[Date "2023.04.18"]
[WhiteClock "0:01:40"]
[BlackClock "0:02:01"]

1. d4 d5 2. c4 c6 3. Nc3 Nf6 4. e3 e6 5. Nf3 Nbd7 6. b3 Bb4 7. Bb2 Qa5 8. Qc2 Ne4 9. Rc1 Qxa2 10. Bd3 Bxc3+ 11. Bxc3 Qxc2 12. Rxc2 Nxc3 13. Rxc3 O-O 14. O-O b6 15. cxd5 cxd5 16. Rc7 Nf6 17. Ne5 a5 18. Rfc1 Ba6 19. Bxa6 Rxa6 20. Rb7 h5 21. f3 a4 22. bxa4 Rxa4 23. Rcc7 Ra3 24. Nxf7 Rxe3 25. Nd6 g6 26. Rg7+ Kh8 27. Rxg6 Rc3 28. Nf7+ Kh7 29. Rxf6 Kg7 30. Rf4 Ra8 31. Ne5+ Kh6 32. Rf6+ Kg5 33. h4+ Kxh4 34. Rg7 Rf8 35. Kh2 Rc2 36. f4 Rf2 37. Rg4+ 1-0


[Site "https://www.chess.com"]

[Event "Titled Tuesday Blitz April 18 Late 2023"]
[White "Sanchez Alvares, Kelvin Antonio"]
[Black "Mekhitarian, Krikor Sevag"]
[WhiteFideId "3906680"]
[BlackFideId "2107660"]
[WhiteElo "2217"]
[BlackElo "2604"]
[Result "0-1"]
[Round "08"]
[TimeControl "180+2"]
[Date "2023.04.18"]
[WhiteClock "0:00:08"]
[BlackClock "0:00:45"]

1. e4 c5 2. Nf3 e6 3. d4 cxd4 4. Nxd4 Bc5 5. Nb3 Bb6 6. Nc3 Ne7 7. Qg4 O-O 8. Bg5 f6 9. Bh4 Nbc6 10. O-O-O a5 11. Bb5 Qe8 12. Bg3 f5 13. exf5 Nxf5 14. Na4 Bd8 15. Qe2 d5 16. Be5 Qg6 17. g4 Nxe5 18. Qxe5 Nh4 19. f4 Rxf4 20. Nb6 Rf2 21. Bd3 Qh6+ 22. g5 Qxg5+ 23. Qxg5 Bxg5+ 24. Kb1 Rb8 25. Rhe1 Bd8 26. Nxc8 Rxc8 27. Rxe6 a4 28. Nd4 Bf6 29. Nb5 Nf3 30. Nd6 Rd8 31. Nxb7 Rb8 32. Ba6 a3 33. b3 Nd2+ 34. Kc1 Bb2# 0-1


[Site "https://www.chess.com"]

[Event "Titled Tuesday Blitz April 18 Late 2023"]
[White "Graif, William"]
[Black "Ashraf, Artin"]
[WhiteFideId "2609835"]
[BlackFideId "22514805"]
[WhiteElo "2205"]
[BlackElo "2188"]
[Result "0-1"]
[Round "08"]
[TimeControl "180+2"]
[Date "2023.04.18"]
[WhiteClock "0:00:04"]
[BlackClock "0:00:02"]

1. e4 e5 2. Nf3 Nc6 3. d4 exd4 4. c3 d5 5. Bd3 dxc3 6. exd5 cxb2 7. Bxb2 Qxd5 8. O-O Nf6 9. Nc3 Qh5 10. Nb5 Bd6 11. Nxd6+ cxd6 12. Be2 O-O 13. Bxf6 gxf6 14. Qxd6 Be6 15. Rab1 Rab8 16. Rb5 Qg6 17. Nh4 Qe4 18. Qg3+ Kh8 19. Bf3 Qd3 20. Rh5 Nd4 21. Qf4 Nxf3+ 22. Nxf3 Qg6 23. Rh6 Qg7 24. Rxf6 Bxa2 25. Ng5 b5 26. Re1 Rbe8 27. Ra1 Bc4 28. h4 Re7 29. Raa6 Bd3 30. Rh6 Bg6 31. h5 Bb1 32. Raf6 a5 0-1


[Site "https://www.chess.com"]